 Dungeon Crawl Stone Soup version 0.30-a0-359-gd0147acb1a (webtiles) character file.

Game seed: 2686660811766828341

19 Maxmaps the Shield-Bearer (level 2, 0/24 HPs)
             Began as a Formicid Fighter on Nov 11, 2022.
             Succumbed to an adder's poison
             ... on level 2 of the Dungeon.
             The game lasted 00:00:51 (712 turns).

Maxmaps the Shield-Bearer (Formicid Fighter)         Turns: 712, Time: 00:00:52

Health: 0/24       AC:  8    Str: 20    XL:     2   Next: 95%
Magic:  2/2        EV:  9    Int:  7    God:
Gold:   92         SH:  5    Dex: 13    Spells: 1/1 levels left

rFire   . . .      SeeInvis +    a - +0 long sword
rCold   . . .      Faith    .    c - +0 buckler
rNeg    . . .      Spirit   .    b - +0 scale mail
rPois   .          Reflect  .    (helmet unavailable)
rElec   .          Harm     .    (no cloak)
rCorr   .          Rampage  .    i - +0 pair of gloves
Will    .....                    (no boots)
Stlth   ..........               (no amulet)
HPRegen 0.24/turn                (no ring)
MPRegen 0.08/turn                (no ring)

@: lethally poisoned (0 -> -5)
A: permanent stasis, dig shafts and tunnels, antennae 3, four strong arms
a: Dig, Shaft Self


You were on level 2 of the Dungeon.
You visited 1 branch of the dungeon, and saw 2 of its levels.

You collected 92 gold pieces.

Inventory:

Hand Weapons
 a - a +0 long sword (weapon)
Armour
 b - a +0 scale mail (worn)
 c - a +0 buckler (worn)
 i - a +0 pair of gloves (worn)
Wands
 p - a wand of roots (10)
Scrolls
 e - 5 scrolls of fear {unknown}
 g - 2 scrolls of identify {unknown}
 k - a scroll of enchant weapon {unknown}
 n - a scroll of immolation {unknown}
 q - a scroll of torment {unknown}
Potions
 d - a potion of might
 f - a potion of cancellation {unknown}
 h - 3 potions of degeneration {unknown}
 j - a potion of heal wounds {unknown}
 l - a potion of haste {unknown}
 m - a potion of ambrosia {unknown}
 o - a potion of mutation {unknown}


   Skills:
 - Level 3.2 Fighting
 + Level 3.2 Long Blades
 - Level 3.2 Armour
 - Level 4.0 Shields


You had one spell level left.
You didn't know any spells.
Your spell library contained the following spells:

 Spells                   Type           Power      Damage    Failure   Level
 Kiss of Death            Conj/Necr      0%         2d5       85%         1
 Summon Small Mammal      Summ           0%         N/A       85%         1
 Call Canine Familiar     Summ           0%         N/A       99%         3
 Confusing Touch          Hex            0%         N/A       99%         3
 Summon Guardian Golem    Hex/Summ       0%         N/A       99%         3
 Dispel Undead            Necr           0%         3d6       100%        4


Dungeon Overview and Level Annotations

Branches:
Dungeon (2/15)

Altars:


Innate Abilities, Weirdness & Mutations

You cannot be hasted, slowed, berserked, paralysed or teleported.
You can dig through walls and to a lower floor.
You have a pair of large antennae on your head. (SInv)
Your four strong arms can wield two-handed weapons with a shield.


Message History

No target in view!
No target in view!
You see here a frilled lizard corpse.
g - 2 scrolls labelled COREGG DEFU (gained 1)
q - a scroll labelled KOSKUO JIONKODDAPN
Found a stone staircase leading down.
No target in view!
No target in view!
No target in view!
Found a stone staircase leading up.
No target in view!
You enter the shallow water.
Moving in this stuff is going to be slow.
There is a stone staircase leading down here.
A kobold comes into view. It is wielding a +3 short sword.
The kobold shouts!
You hear an angry hiss.
An adder comes into view.
You enter the shallow water.
Moving in this stuff is going to be slow.
Found a stone staircase leading down.
You block the kobold's attack. The kobold attacks as you move away!
The kobold completely misses you. The adder bites you.
You are poisoned.
The adder poisons you! The adder bites you.
You are more poisoned.
The adder poisons you!
You feel very sick. The adder bites you but does no damage.
The adder attacks as you move away! The adder bites you.
You are lethally poisoned!
The adder poisons you!
You feel very sick. You block the adder's attack. The adder bites you.
* * * LOW HITPOINT WARNING * * *
* * * LOW HITPOINT WARNING * * *
You feel sick.
* * * LOW HITPOINT WARNING * * *
You feel sick.
You die...

≈≈ ##~..........~...#
#≈##.~...~~.~..~.~.##
#≈≈≈≈≈~~~~.≈~~≈~≈≈≈≈###
#≈≈≈≈~~~~~~≈≈~~≈≈≈≈≈≈#
#...~....~.~~{~.####
#...~~~......#.####
##.##........S....#
#.##.###..#......#
#>##.###..##@..#.#
#.............##.####
####.###..##.........
#.# #..###†##.####
#.###..###.##.#
#.............#
##########.#### #.#
###.#############


You could see an adder.

Vanquished Creatures
  2 dart slugs (D:1)
  2 ball pythons
  3 goblins
  A hobgoblin (D:1)
  A bat (D:1)
  3 frilled lizards
  2 kobolds (D:1)
  3 rats (D:2)
17 creatures vanquished.

Notes
Turn   | Place    | Note
-------+----------+-------------------------------------------
     0 | D:1      | Maxmaps the Formicid Fighter began the quest for the Orb.
     0 | D:1      | Reached XP level 1. HP: 18/18 MP: 1/1
   184 | D:1      | Reached XP level 2. HP: 20/24 MP: 2/2
   712 | D:2      | Succumbed to an adder's poison

Illustrated notes

Levels and vault maps discovered:
D:1:      denvon_arrival_planthouse, layout_rooms
D:2:      layout_loops_corners, chequers_serial_rivers_small_3

Skill      XL: |  1  2 |
---------------+-------+-----
Long Blades    | 3 |  3.2
Fighting       | |  3.2
Armour         | |  3.2
Shields        | |  4.0

Action                   || total
-------------------------++-------
Melee: Long sword        ||    70
Armor: Scale mail        ||    26
Dodge: Dodged            ||    35
Block: Buckler           ||    17

Table legend: (Time is in decaauts)
 A = Elapsed time spent in this place.
 B = Non-inter-level travel time spent in this place.
 C = Inter-level travel time spent in this place.
 D = Time resting spent in this place.
 E = Time spent auto-exploring this place.
 F = Levels seen in this place.
 G = Mean time per level.
                   A        B        C        D        E       F      G
               +--------+--------+--------+--------+--------+-----+--------+
         Total |    734 |    717 |     17 |      0 |    526 |   2 |  367.0 |
       Dungeon |    734 |    717 |     17 |      0 |    526 |   2 |  367.0 |
               +--------+--------+--------+--------+--------+-----+--------+

Top non-repeatable levels by time:
     D:1: 507 daAuts
     D:2: 227 daAuts
